 Dungeon Crawl Stone Soup version 0.32-a0-918-g0f22ef8d61 (webtiles) character file.

Game seed: 6987290033612332928

160 Autsider the Caller (level 5, 0/38 HPs)
             Began as a Mountain Dwarf Summoner on Apr 10, 2024.
             Succumbed to a water moccasin's poison
             ... on level 3 of the Dungeon.
             The game lasted 00:05:52 (2262 turns).

Autsider the Caller (Mountain Dwarf Summoner)       Turns: 2262, Time: 00:05:52

Health: 0/38       AC:  2    Str: 10    XL:     5   Next: 17%
Magic:  7/10       EV: 10    Int: 18    God:
Gold:   31         SH:  0    Dex: 10    Spells: 6/10 levels left

rFire   . . .        e - +1 dagger (venom)
rCold   . . .        (no shield)
rNeg    . . .        a - +0 robe
rPois   .            (no helmet)
rElec   .            (no cloak)
rCorr   +            (no gloves)
SInv    .            (no boots)
Will    .....        (no amulet)
Stlth   ++           c - ring of resist corrosion
HPRegen 0.26/turn    (no ring)
MPRegen 0.12/turn

%: no passive effects
@: lethally poisoned (0 -> -7), inugami summoned
A: runic magic, artefact enchanting
a: no special abilities


You were on level 3 of the Dungeon.
You visited 1 branch of the dungeon, and saw 3 of its levels.

You collected 106 gold pieces.
You spent 75 gold pieces at shops.

Inventory:

Hand Weapons
 e - a +1 dagger of venom (weapon)
Armour
 a - a +0 robe (worn)
Jewellery
 c - a ring of resist corrosion (left hand)
Wands
 l - a wand of warping (12)
Scrolls
 d - a scroll of teleportation {@r2}
 h - a scroll of vulnerability {unknown}
 k - a scroll of identify {unknown}
 m - a scroll of enchant weapon {unknown}
 n - a scroll of torment {unknown}
 o - a scroll of fog {unknown}
 q - a scroll of revelation {unknown}
 r - 2 scrolls of enchant armour {unknown}
Potions
 b - a potion of magic
 f - 3 potions of heal wounds {unknown}
 g - a potion of invisibility {unknown}
 i - a potion of enlightenment {unknown}
 j - a potion of ambrosia {unknown}
 p - a potion of attraction {unknown}


   Skills:
 - Level 1.3 Dodging
 - Level 1.4 Stealth
 + Level 3.4 Spellcasting
 + Level 5.4 Summonings


You had 6 spell levels left.
You knew the following spells:

 Your Spells              Type           Power      Damage    Failure   Level
a - Call Canine Familiar  Summ           22%        N/A       4%          3
b - Summon Small Mammal   Summ           88%        N/A       1%          1

Your spell library contained the following spells:

 Spells                   Type           Power      Damage    Failure   Level
 Call Imp                 Summ           44%        N/A       2%          2
 Summon Blazeheart Golem  Fire/Summ      12%        N/A       45%         4
 Summon Lightning Spire   Summ/Air       12%        N/A       45%         4


Dungeon Overview and Level Annotations

Branches:
Dungeon (3/15)

Altars:
Zin

Shops:
D:1 (   D:2 *


Innate Abilities, Weirdness & Mutations

Your spellcasting is much less encumbered by armour.
You can use scrolls of enchantment on lesser artefacts.


Message History

No target in view!
No target in view!
Things that are here:
a +0 whip; a stone; a kobold corpse
There is a stone staircase leading up here.
Found a war axe.
You see here a +0 war axe.
Your inugami disappears in a puff of smoke!
A kobold comes into view. It is wielding a +0 dagger.
A kobold is nearby!
A gnoll comes into view.
It is wielding a +0 whip and wearing the +0 leather armour of the Armadillo {Int+3 SInv}.
The kobold shouts!
You hear an angry hiss.
A gnoll comes into view. It is wielding a +0 halberd.
A frilled lizard comes into view.
A water moccasin comes into view.
The kobold hits you but does no damage.
You closely miss the kobold.
The gnoll shouts!
A gnoll comes into view. It is wielding a +0 spear of venom.
The kobold barely misses you.
The gnoll shouts!
You hit the kobold.
You kill the kobold!
The water moccasin bites you.
You hit the water moccasin.
The water moccasin is lightly wounded.
The water moccasin bites you.
You are poisoned.
The water moccasin poisons you!
Casting: Call Canine Familiar (dangerous; 4% risk of failure)
Confirm with . or Enter, or press ? or * to list all spells.
You call for your canine familiar and it appears with a howl!
You feel very sick. The water moccasin bites you.
* * * LOW HITPOINT WARNING * * *
The water moccasin barely misses you.
Found a glowing silver altar of Zin.
You feel sick.
The gnoll hits you from afar with a +0 halberd!
* * * LOW HITPOINT WARNING * * *
Something bites your inugami but does no damage.
You die...

#.# ... .. .# #...
##.## #.##.# ##
.... #.. ##?#..
.#..... ### ..#..
.#.... #..###......
... #.###...#Sgg#
#...#.......h#.l###
#...#####...@.g...#
#...# #.###.....#
#####...#####.#
#.#.#.#
..............#
_.#.# #
.............)# ...
.
.............###..#
#. ##......####
#... .# #....#.#
#.## # ##....#.#


You could see a water moccasin, 2 gnolls, a frilled lizard and a friendly
inugami (summoned).

Vanquished Creatures
  Natasha (D:2)
  2 dart slugs
  An orc (D:3)
  2 ball pythons
  4 endoplasms
  5 goblins
  2 hobgoblins
  A jackal (D:2)
  2 quokkas
  7 bats
  A frilled lizard (D:1)
  4 kobolds
  5 rats
37 creatures vanquished.

Vanquished Creatures (collateral kills)
  Natasha (twice) (D:2)
  An adder (D:3)
  3 ball pythons
  4 endoplasms
  3 goblins (D:1)
  5 hobgoblins
  A jackal (D:2)
  A bat (D:2)
  2 frilled lizards (D:1)
  2 kobolds (D:1)
24 creatures vanquished.

Vanquished Creatures (others)
  An adder (D:2)
1 creature vanquished.

Grand Total: 62 creatures vanquished

Notes
Turn   | Place    | Note
-------+----------+-------------------------------------------
     0 | D:1      | Autsider the Mountain Dwarf Summoner began the quest for
                  | the Orb.
     0 | D:1      | Reached XP level 1. HP: 14/14 MP: 3/3
    67 | D:1      | Found Urghajaq's Weapon Shop.
   208 | D:1      | Reached XP level 2. HP: 20/20 MP: 1/5
   619 | D:1      | Reached XP level 3. HP: 10/26 MP: 3/6
   703 | D:1      | Learned a level 3 spell: Call Canine Familiar
  1410 | D:2      | Noticed Natasha
  1428 | D:2      | Killed Natasha
  1429 | D:2      | Reached XP level 4. HP: 19/33 MP: 3/8
  1628 | D:2      | Noticed Natasha
  1640 | D:2      | Killed Natasha
  1641 | D:2      | Reached skill level 5 in Summonings
  1665 | D:2      | Noticed Natasha
  1671 | D:2      | Killed Natasha
  1874 | D:2      | Found Utennice's Assorted Antiques.
  1885 | D:2      | Reached XP level 5. HP: 34/38 MP: 8/10
  1905 | D:2      | Bought a scroll labelled LIUTWEUNOSO for 26 gold pieces
  1905 | D:2      | Bought a scroll labelled CIACLE MOIRAFA for 26 gold pieces
  1905 | D:2      | Bought a lumpy puce potion for 23 gold pieces
  2255 | D:3      | Identified the +0 leather armour of the Armadillo {Int+3
                  | SInv}
  2255 | D:3      | Noticed a water moccasin
  2261 | D:3      | Found a glowing silver altar of Zin.
  2261 | D:3      | HP: 1/38 [gnoll/+0 halberd (17)]
  2262 | D:3      | Succumbed to a water moccasin's poison

Illustrated notes

Levels and vault maps discovered:
D:1:      shiori_arrival_elements, layout_basic, serial_shops,
          nicolae_shop_behind_doors, hex_tiny
D:2:      layout_loops_ring, serial_shops, shop, uniq_natasha
D:3:      layout_loops_cross, overflow_temple_1_default

Skill      XL: |  1  2  3  4 |
---------------+-------------+-----
Spellcasting   | 2 3 |  3.4
Summonings     | 5 |  5.4
Dodging        | |  1.3
Stealth        | |  1.4

Action                     |  1- 3 |  4- 6 || total
---------------------------+-------+-------++-------
  Melee: Unarmed           |    12 |       ||    12
         Dagger            |    60 |    49 ||   109
   Cast: Summon Small Mamm |    21 |     1 ||    22
         Call Canine Famil |     4 |     5 ||     9
    Use: Scroll            |       |     1 ||     1
   Stab: Sleeping          |     2 |     4 ||     6
         Distracted        |     2 |       ||     2
 Armour: Robe              |    53 |    42 ||    95
  Dodge: Dodged            |    49 |    32 ||    81

Table legend: (Time is in decaauts)
 A = Elapsed time spent in this place.
 B = Non-inter-level travel time spent in this place.
 C = Inter-level travel time spent in this place.
 D = Time resting spent in this place.
 E = Time spent auto-exploring this place.
 F = Levels seen in this place.
 G = Mean time per level.
                   A        B        C        D        E       F      G
               +--------+--------+--------+--------+--------+-----+--------+
         Total |   2260 |   2186 |     74 |    204 |   1529 |   3 |  753.3 |
       Dungeon |   2260 |   2186 |     74 |    204 |   1529 |   3 |  753.3 |
               +--------+--------+--------+--------+--------+-----+--------+

Top non-repeatable levels by time:
     D:1: 1013 daAuts
     D:2: 986 daAuts
     D:3: 261 daAuts
